 Dungeon Crawl Stone Soup version 0.27-a0-1186-g8b4daa1eef (webtiles) character file.

Game seed: 13645463964549851742

9167 voltaire321 the Cleaver (level 11, -2/97 HPs)
             Began as a Minotaur Gladiator on May 19, 2021.
             Was a Believer of Makhleb.
             Slain by a nine-headed hydra (5 damage)
             ... while petrified by a basilisk
             ... on level 1 of the Lair of Beasts.
             The game lasted 00:30:57 (11452 turns).

voltaire321 the Cleaver (Minotaur Gladiator)       Turns: 11452, Time: 00:30:58

Health: -2/97      AC: 10    Str: 22    XL:     11   Next: 19%
Magic:  13/13      EV:  2    Int:  6    God:    Makhleb [**....]
Gold:   1338       SH:  0    Dex: 11    Spells: 10/10 levels left

rFire    . . .     SeeInvis .   C - +6 war axe (freeze)
rCold    + . .     Faith    .   e - +0 kite shield
rNeg     + + +     Spirit   .   f - +3 leather armour {rPois}
rPois    ∞         Reflect  .   c - +0 hat
rElec    .         Harm     .   (no cloak)
rCorr    .         Rampage  .   m - +2 pair of gloves
Will     .....                  (no boots)
Stlth    +.........             N - amulet of regeneration
HPRegen  1.26/turn              i - ring of protection from cold
MPRegen  0.13/turn              v - +4 ring of evasion

@: petrified
A: horns 2, retaliatory headbutt
a: Renounce Religion, Minor Destruction


You were on level 1 of the Lair of Beasts.
You worshipped Makhleb.
Makhleb was pleased with you.
You visited 4 branches of the dungeon, and saw 14 of its levels.

You collected 1530 gold pieces.
You spent 192 gold pieces at shops.

Inventory:

Hand Weapons
 C - a +6 war axe of freezing (weapon)
 M - the +4 quarterstaff of Due Proportion {vorpal, rElec Str+10}
   (You took it off an orc on level 8 of the Dungeon)

   It inflicts extra damage upon your enemies.
   It affects your strength (+10).
   It insulates you from electricity.
Missiles
 d - 3 throwing nets
 q - 4 silver boomerangs
 r - 51 poisoned darts (quivered)
 t - 27 boomerangs
 D - 7 atropa-tipped darts
 K - a curare-tipped dart
 L - 4 boomerangs of dispersal
 S - 4 javelins
Armour
 b - a +0 scale mail of fire resistance
 c - a +0 hat (worn)
 e - a +0 kite shield (worn)
 f - a +3 leather armour of poison resistance (worn)
 g - +0 acid dragon scales
 m - a +2 pair of gloves (worn)
Jewellery
 i - a ring of protection from cold (left hand)
 o - a ring of protection from cold
 v - a +4 ring of evasion (right hand)
 x - a ring of flight
 B - a ring of poison resistance
 N - an amulet of regeneration (around neck)
 Q - an amulet of guardian spirit
Wands
 w - a wand of charming (5)
 y - a wand of mindburst (53)
 F - a wand of polymorph (10)
 G - a wand of acid (10)
 O - a wand of digging (1)
 R - a wand of flame (16)
Scrolls
 a - a scroll of holy word
 h - 3 scrolls of silence
 p - 9 scrolls of teleportation
 u - 5 scrolls of magic mapping
 H - a scroll of amnesia
 I - 2 scrolls of identify
Potions
 j - 2 potions of invisibility
 k - 4 potions of might
 l - 5 potions of curing
 n - 3 potions of brilliance
 s - 3 potions of mutation
 z - a potion of ambrosia
 A - a potion of flight
 E - a potion of lignification
 J - 2 potions of haste
 P - a potion of cancellation


   Skills:
 + Level 9.4 Fighting
 + Level 9.8 Axes
 + Level 7.8 Throwing
 + Level 9.1 Armour
 + Level 9.0 Dodging
 + Level 4.4 Invocations


You had 10 spell levels left.
You didn't know any spells.
Your spell library contained the following spells:

 Spells                   Type           Power      Damage    Failure   Level
 Corona                   Hex            0%         N/A       98%         1
 Ensorcelled Hibernation  Hex/Ice        0%         N/A       99%         2
 Confusing Touch          Hex            0%         N/A       100%        3
 Dazzling Flash           Conj/Hex       0%         N/A       100%        3
 Tukima's Dance           Hex            0%         N/A       100%        3


Dungeon Overview and Level Annotations

Branches:
Dungeon (11/15)            Temple (1/1) D:7            Lair (1/6) D:8
    Orc (1/2) D:11

Altars:
Ashenzari
Cheibriados
Dithmenos
Elyvilon
Fedhas
Gozag
Hepliaklqana
Kikubaaqudgha
Makhleb
Nemelex Xobeh
Okawaru
Qazlal
Ru
Sif Muna
Trog
Uskayaw
Vehumet
Wu Jian
Xom
Yredelemnul
Zin
The Shining One

Shops:
D:3 =   D:5 ?   D:11 (   Orc:1 (

Annotations:
D:4 2 transporters, ZappyNine's ghost, amateur FeVM
Orc:1 Harold


Innate Abilities, Weirdness & Mutations

You have a pair of horns on your head.
You reflexively headbutt those who attack you in melee.


Message History

The nine-headed hydra bites you.
The nine-headed hydra closely misses you. x2
The nine-headed hydra bites you!
The nine-headed hydra closely misses you.
The nine-headed hydra bites you but does no damage.
The basilisk bites you!
A water moccasin comes into view.
The basilisk gazes at you.
You are slowing down.
Your limbs are stiffening.
Okay, then.
The nine-headed hydra bites you but does no damage. x3
The nine-headed hydra bites you! x2
The nine-headed hydra bites you but does no damage.
The nine-headed hydra bites you! x2; The nine-headed hydra bites you.
You have turned to stone.
The nine-headed hydra bites you but does no damage.
The nine-headed hydra bites you. x6; The nine-headed hydra bites you!
* * * LOW HITPOINT WARNING * * *
The nine-headed hydra bites you but does no damage.
The nine-headed hydra bites you!
* * * LOW HITPOINT WARNING * * *
The nine-headed hydra bites you but does no damage.
The nine-headed hydra bites you.
* * * LOW HITPOINT WARNING * * *
The nine-headed hydra bites you.
* * * LOW HITPOINT WARNING * * *
The nine-headed hydra bites you.
* * * LOW HITPOINT WARNING * * *
The nine-headed hydra bites you. The nine-headed hydra bites you!
* * * LOW HITPOINT WARNING * * *
The nine-headed hydra bites you but does no damage.
The nine-headed hydra bites you!
* * * LOW HITPOINT WARNING * * *
The nine-headed hydra bites you.
* * * LOW HITPOINT WARNING * * *
The nine-headed hydra bites you!
* * * LOW HITPOINT WARNING * * *
The nine-headed hydra bites you!
You die...

##.....###.....###.....#....
###...#.#†#.......#...##..#...
#........#........#........<#.
#.#...8...'.#.8...+...8...#...
#.........#.....#...........##
#.#.#..#..#.#...#...#.#....##
##
#.##.....###.....###.....###
#.##.###.#.#..#.#+..# #######
.....# ####...##@..###. ..#.##
###....lD...(....
...#.###.....##8.8.8#..#
#....#P#............# #
###...........##.8.##
##..########...##.## #..##
##### #. ..## .. ### ...


You could see a nine-headed hydra and a basilisk.

Vanquished Creatures
  3 two-headed ogres
  An orc sorcerer (D:11)
  A komodo dragon (Lair:1)
  Prince Ribbit (D:5)
  A shadow (D:10)
  5 yaks (D:10)
  3 wyverns
  2 steam dragons
  2 wargs (D:8)
  An acid dragon (D:9)
  2 water moccasins
  5 orc warriors
  2 ice beasts
  A black bear (D:8)
  A hornet zombie (D:8)
  A sky beast (D:7)
  An ogre (D:7)
  A necrophage (D:8)
  A centaur (D:9)
  2 kobold brigands
  2 scorpions
  3 bullfrogs
  A wyvern zombie (D:8)
  9 wights
  11 killer bees
  2 howler monkeys (D:9)
  3 electric eels (D:8)
  A bullfrog zombie (D:7)
  3 centaur zombies
  4 hounds
  A human zombie (D:8)
  7 orc priests
  A bullfrog skeleton (D:6)
  4 jellies
  A gnoll shaman (D:8)
  3 iguanas (D:6)
  9 orc wizards
  A killer bee zombie (D:8)
  4 mummies
  2 howler monkey zombies
  14 gnolls
  8 adders
  A white imp (D:7)
  An ufetubus (D:6)
  5 worms
  2 dart slugs
  41 orcs
  8 endoplasms
  A giant cockroach (D:2)
  5 goblins
  6 hobgoblins
  6 jackals (D:2)
  18 kobolds
  3 quokkas
  5 ball pythons
  4 bats
  2 frilled lizards
  4 rats
243 creatures vanquished.

Vanquished Creatures (collateral kills)
  A warg (D:8)
  2 orc wizards (D:8)
3 creatures vanquished.

Vanquished Creatures (others)
  A killer bee zombie (D:8)
  A fungus (Lair:1)
2 creatures vanquished.

Grand Total: 248 creatures vanquished

Notes
Turn   | Place    | Note
-------+----------+-------------------------------------------
     0 | D:1      | voltaire321 the Minotaur Gladiator began the quest for the
                  | Orb.
     0 | D:1      | Reached XP level 1. HP: 18/18 MP: 0/0
   337 | D:1      | Reached XP level 2. HP: 25/25 MP: 1/1
   372 | D:1      | Found a faded altar of an unknown god.
   457 | D:1      | Reached skill level 1 in Armour
   640 | D:2      | Reached XP level 3. HP: 25/30 MP: 2/2
  1040 | D:2      | Reached XP level 4. HP: 36/38 MP: 3/3
  1427 | D:3      | Found Ecvuih's Jewellery Shop.
  1677 | D:3      | Found a shimmering altar of Xom.
  1724 | D:3      | Found a sparkling altar of Nemelex Xobeh.
  1909 | D:4      | Noticed a scorpion
  1915 | D:4      | Killed a scorpion
  1916 | D:4      | Reached XP level 5. HP: 17/45 MP: 4/4
  2248 | D:4      | Found a white marble altar of Elyvilon.
  2360 | D:4      | Found a snail-covered altar of Cheibriados.
  2559 | D:4      | Found a transporter.
  2563 | D:4      | Found a transporter.
  2563 | D:4      | Noticed ZappyNine's ghost (amateur FeVM)
  2564 | D:4      | Noticed an orc warrior
  2564 | D:4      | Noticed a steam dragon
  2639 | D:4      | Noticed a two-headed ogre
  2646 | D:4      | Reached XP level 6. HP: 48/52 MP: 5/5
  2939 | D:4      | Killed a two-headed ogre
  2940 | D:4      | Reached skill level 5 in Fighting
  2940 | D:4      | Reached skill level 5 in Dodging
  2940 | D:4      | Reached XP level 7. HP: 61/61 MP: 6/6
  3093 | D:5      | Entered Level 5 of the Dungeon
  3093 | D:5      | Noticed Prince Ribbit
  3224 | D:5      | Killed Prince Ribbit
  3225 | D:5      | Reached XP level 8. HP: 69/69 MP: 7/7
  3433 | D:5      | Reached skill level 5 in Armour
  4077 | D:5      | Found Kexail's Magic Scroll Shoppe.
  4082 | D:5      | Bought a scroll of identify for 24 gold pieces
  4082 | D:5      | Bought a scroll of teleportation for 36 gold pieces
  4082 | D:5      | Bought a scroll of magic mapping for 42 gold pieces
  4082 | D:5      | Bought a scroll of blinking for 90 gold pieces
  4184 | D:6      | Reached skill level 5 in Throwing
  4324 | D:6      | Identified a scroll of acquirement
  4324 | D:6      | Acquired 804 gold pieces
  5479 | D:6      | Reached XP level 9. HP: 46/78 MP: 8/8
  6752 | D:7      | Found a staircase to the Ecumenical Temple.
  7160 | Temple   | Entered the Ecumenical Temple
  7195 | Temple   | Became a worshipper of Makhleb the Destroyer
  7416 | D:7      | Found a broken altar of Ashenzari.
  7416 | D:7      | Found an ornate altar of the Wu Jian Council.
  7417 | D:7      | Found a shadowy altar of Dithmenos.
  7738 | D:8      | Found the +9 sword of Zonguldrok {reap}
  7768 | D:8      | Reached skill level 1 in Invocations
  7806 | D:8      | Found a stormy altar of Qazlal.
  7890 | D:8      | HP: 4/81 [warg (14)]
  8243 | D:8      | Reached XP level 10. HP: 78/88 MP: 10/10
  8337 | D:8      | Found a staircase to the Lair.
  8758 | D:8      | Reached * piety under Makhleb
  8761 | D:8      | Identified the +4 quarterstaff of Due Proportion {vorpal,
                  | rElec Str+10}
  8942 | D:8      | Found an ancient bone altar of Kikubaaqudgha.
  9787 | D:9      | Noticed a two-headed ogre
  9804 | D:9      | Killed a two-headed ogre
  9867 | D:9      | Reached ** piety under Makhleb
  9904 | D:9      | Found a sacrificial altar of Ru.
 10097 | D:9      | Found a glowing silver altar of Zin.
 10261 | D:9      | Found an opulent altar of Gozag.
 10423 | D:9      | Upgraded the game from 0.27-a0-1184-ge86db4a01e to
                  | 0.27-a0-1186-g8b4daa1eef
 10545 | D:10     | Entered Level 10 of the Dungeon
 11176 | D:11     | Found Histinyu's Weapon Emporium.
 11176 | D:11     | Found a staircase to the Orcish Mines.
 11179 | D:11     | Noticed a two-headed ogre
 11188 | D:11     | Killed a two-headed ogre
 11189 | D:11     | Reached XP level 11. HP: 81/97 MP: 13/13
 11239 | Orc:1    | Entered Level 1 of the Orcish Mines
 11239 | Orc:1    | Found Uhoypros's Antique Weapon Emporium.
 11239 | Orc:1    | Noticed Harold
 11239 | Orc:1    | Noticed an orc knight
 11239 | Orc:1    | Noticed an orc sorcerer
 11247 | D:11     | Killed an orc sorcerer
 11360 | Lair:1   | Entered Level 1 of the Lair of Beasts
 11421 | Lair:1   | Noticed a six-headed hydra
 11452 | Lair:1   | HP: 3/97 [nine-headed hydra (3)]
 11452 | Lair:1   | Slain by a nine-headed hydra

Illustrated notes

Levels and vault maps discovered:
D:1:      scummos_arrival_hexagon, layout_rooms,
          chequers_ecumenical_altar_island, hangedman_glass_teeth
D:2:      layout_loops_cross, serial_glass, glass_columns_c, glass_columns_a,
          minmay_misc_feat_diagonals
D:3:      layout_rooms, overflow_temple_1_default, xom_teletrap_fun,
          serial_shops, shop
D:4:      layout_rooms, elyvilon_altar_1, slow_altar_1, gammafunk_ghost_arena
D:5:      layout_cave_pools, serial_shops, shop, amcnicky_mini_corridor_feature,
          dk_rats_in_the_wall, uniq_prince_ribbit1
D:6:      layout_loops_corners, hangedman_abyss_or_decor_stagger,
          kennysheep_generic_room_16
D:7:      layout_loops_cross, chequers_temple_overflow_statue_of_worship,
          minmay_temple_entry_tees, minivault_23, kennysheep_generic_room_6
D:8:      layout_rooms, lemuel_mausoleum_altar_kikubaaqudgha,
          lemuel_round_altar, erik_lair_orcish_takeover,
          chequers_serial_rivers_small_3, roderic_serpentine_path,
          water_maze_lemuel
D:9:      layout_stronghold, pdpol_temple_overflow_zin_treasury_gozag_greed,
          nicolae_ru_path_of_blood
D:10:     layout_roguey, minivault_19
D:11:     layout_loops_corners, orc_david_3, ashenzari_altar_1
Temple:   compressed_dpeg_circular_temple
Lair:1:   layout_cave_pods, chequers_serial_rivers_micro_a,
          minmay_lair_oklob_chamber, grunt_megastairs_1,
          infiniplex_staircase_pool_2
Orc:1:    layout_caves, serial_shops, nicolae_shop_crystal,
          nicolae_orc_crystal_geode, uniq_harold

Skill      XL: |  1  2  3  4  5  6  7  8  9 10 11 |
---------------+----------------------------------+-----
Armour         | 1 2 4 6 7 8 9 |  9.1
Axes           | 4 6 7 8 9 |  9.8
Fighting       | 3 4 5 6 8 9 |  9.4
Throwing       | 3 4 5 6 7 |  7.8
Dodging        | 4 5 6 7 8 9 |  9.0
Invocations    | 1 4 |  4.4

Action                   |  1- 3 |  4- 6 |  7- 9 | 10-12 || total
-------------------------+-------+-------+-------+-------++-------
Melee: War axe           |    68 |    59 |   249 |   170 ||   546
       Headbutt          |    12 |    15 |    50 |    28 ||   105
Throw: Dart              |       |     6 |    14 |     5 ||    25
  Use: Scroll            |       |       |    12 |    11 ||    23
Armor: Leather armour    |    28 |    20 |    81 |    62 ||   191
Dodge: Dodged            |    48 |    45 |   231 |   159 ||   483
Block: Kite shield       |       |       |   105 |    83 ||   188

Table legend: (Time is in decaauts)
 A = Elapsed time spent in this place.
 B = Non-inter-level travel time spent in this place.
 C = Inter-level travel time spent in this place.
 D = Time resting spent in this place.
 E = Time spent auto-exploring this place.
 F = Levels seen in this place.
 G = Mean time per level.
                   A        B        C        D        E       F      G
               +--------+--------+--------+--------+--------+-----+--------+
         Total |  11640 |  11281 |    359 |   2623 |   6541 |  14 |  831.4 |
       Dungeon |  11417 |  11058 |    359 |   2623 |   6408 |  11 | 1037.9 |
        Temple |    124 |    124 |      0 |      0 |     95 |   1 |  124.0 |
          Lair |     95 |     95 |      0 |      0 |     38 |   1 |   95.0 |
  Orcish Mines |      1 |      1 |      0 |      0 |      0 |   1 |    1.0 |
               +--------+--------+--------+--------+--------+-----+--------+

Top non-repeatable levels by time:
     D:6: 2221 daAuts
     D:8: 2010 daAuts
     D:4: 1258 daAuts
     D:7: 1227 daAuts
     D:9: 1000 daAuts
     D:5: 847 daAuts
     D:2: 751 daAuts
     D:3: 712 daAuts
    D:10: 650 daAuts
     D:1: 618 daAuts
  Temple: 124 daAuts
    D:11: 120 daAuts
  Lair:1: 95 daAuts
   Orc:1: 1 daAuts
